 Dungeon Crawl Stone Soup version 0.20.0-15-g7f486f2 (webtiles) character file.

1393 VajrapaniSR the Cleaver (level 8, -6/76 HPs)
             Began as a Deep Dwarf Fighter on July 1, 2017.
             Mangled by a two-headed ogre
             ... wielding a +0 giant spiked club
              (8 damage)
             ... on level 8 of the Dungeon.
             The game lasted 00:16:07 (1539 turns).

VajrapaniSR the Cleaver (Deep Dwarf Fighter)        Turns: 1539, Time: 00:16:08

Health: -6/76      AC: 13    Str: 24    XL:     8   Next: 41%
Magic:  3/3        EV:  6    Int:  9    God:
Gold:   16         SH:  0    Dex: 13    Spells: 7/7 levels left

rFire    . . .     SeeInvis .   p - +0 battleaxe
rCold    . . .     Gourm    .   (shield currently unavailable)
rNeg     . . .     Faith    .   r - +1 plate armour
rPois    .         Spirit   .   (no helmet)
rElec    .         Reflect  .   (no cloak)
rCorr    .         Harm     .   (no gloves)
MR       +....                  (no boots)
Stlth    ..........             (no amulet)
Regen    0.0/turn               q - +3 ring of strength
MPRegen  0.1/turn               (no ring)

@: non-regenerating
A: damage resistance, heal wounds, mutation resistance 1, sense surroundings 1,
subdued magic 1, no regeneration
a: Heal Wounds


You were on level 8 of the Dungeon.
You were very hungry.

You visited 1 branch of the dungeon, and saw 8 of its levels.

You collected 108 gold pieces.
You spent 92 gold pieces at shops.

Inventory:

Hand Weapons
 a - a +0 war axe
 b - a +0 dire flail
 p - a +0 battleaxe (weapon)
Armour
 c - a +0 shield
 r - a +1 plate armour (worn)
Jewellery
 q - a +3 ring of strength (left hand)
Scrolls
 e - a scroll of fog {unknown}
 h - a scroll of identify {unknown}
 i - a scroll of magic mapping {unknown}
 j - a scroll of teleportation
 n - a scroll of fear {unknown}
 o - a scroll of remove curse
 s - a scroll of enchant armour
 t - a scroll of amnesia {unknown}
Potions
 d - 2 potions of haste {unknown}
 g - 2 potions of mutation {unknown}
 k - a potion of berserk rage {unknown}
 l - 2 potions of curing {unknown}
Books
 u - a book of Geomancy

   Spells                             Type                      Level
   a - Sandblast                      Earth                        1
   b - Passwall                       Transmutation/Earth          2
   c - Stone Arrow                    Conjuration/Earth            3
   d - Petrify                        Transmutation/Earth          4
   e - Lee's Rapid Deconstruction     Earth                        5
Comestibles
 f - 6 bread rations
 m - 5 fruits


   Skills:
 + Level 5.9 Fighting
 * Level 9.0 Axes
 + Level 4.9 Armour
 - Level 3.2 Shields


You had 7 spell levels left.
You didn't know any spells.

Dungeon Overview and Level Annotations

Branches:
Dungeon (8/15)
 Temple: D:4-7         Lair: D:8-11

Altars:
Gozag
Nemelex Xobeh
Uskayaw
Xom
The Shining One

Shops:
D:7 *

Annotations:
D:4 VajrapaniSR's ghost, weakling DDFi


Innate Abilities, Weirdness & Mutations

You are resistant to damage.
You can heal yourself by infusing magical energy.
You passively map a small area around you.
You do not regenerate.
You are somewhat resistant to further mutation.
Your spells are a little easier to cast, but a little less powerful.


Message History

The two-headed ogre hits you but does no damage.
You take 5 damage, and have 45/76 hp.
The two-headed ogre hits you with a giant spiked club!
* * * LOW HITPOINT WARNING * * *
The two-headed ogre hits you but does no damage.
You take 12 damage, and have 33/76 hp.
The two-headed ogre hits you with a giant spiked club!
* * * LOW HITPOINT WARNING * * *
The two-headed ogre closely misses you.
You take 16 damage, and have 17/76 hp.
MASSIVE DAMAGE!!
The two-headed ogre hits you with a giant spiked club!
* * * LOW HITPOINT WARNING * * *
The two-headed ogre barely misses you.
You take 6 damage, and have 11/76 hp.
The two-headed ogre barely misses you.
The two-headed ogre hits you with a giant club!
* * * LOW HITPOINT WARNING * * *
You take 9 damage, and have 2/76 hp.
The two-headed ogre hits you with a giant spiked club!
You die...

##......### *** *
.##.###.## +# *
........# , .+ , #
.##.?##.## #.# **.#
###.##..###.# *##.
.............# ...
####.######.###.##*
# #......## * * *
**#..@....# , ,
#..O......# ,
+.........+ , , , *
#.........# , * *
##.......##, * *
##.....## , ##...##
, *##+## * , ,


You could see a two-headed ogre.

Vanquished Creatures
  A steam dragon (D:7)
  2 sky beasts
  2 orc warriors
  3 ogres
  An ice beast (D:7)
  3 bullfrogs
  A scorpion (D:7)
  An orc wizard (D:5)
  A hound (D:4)
  2 orc priests
  3 worker ants
  A worker ant zombie (D:6)
  A gnoll (D:4)
  5 adders
  A white imp (D:4)
  An adder zombie (D:4)
  An adder skeleton (D:5)
  A worm (D:3)
  A dart slug (D:3)
  2 leopard geckos
  9 orcs
  3 bats
  3 goblins
  6 hobgoblins
  6 kobolds
  A quokka (D:4)
  4 goblin skeletons (D:4)
  3 hobgoblin zombies (D:4)
  4 kobold zombies (D:4)
  3 orc skeletons (D:4)
  2 rats (D:3)
78 creatures vanquished.

Notes
Turn   | Place    | Note
-------+----------+-------------------------------------------
     0 | D:1      | VajrapaniSR the Deep Dwarf Fighter began the quest for the Orb.
     0 | D:1      | Reached XP level 1. HP: 20/20 MP: 1/1
   117 | D:1      | murphy: what skills are u training?
   123 | D:1      | Reached XP level 2. HP: 24/27 MP: 2/2
   124 | D:1      | murphy: ok
   304 | D:3      | Reached skill level 3 in Axes
   321 | D:3      | Reached XP level 3. HP: 26/34 MP: 3/3
   403 | D:4      | Found a sparkling altar of Nemelex Xobeh.
   421 | D:4      | murphy: i think the temple is on this floor
   426 | D:4      | VajrapaniSR: read scrolls?
   426 | D:4      | murphy: feel free to heal
   426 | D:4      | VajrapaniSR: k
   439 | D:4      | Noticed an ogre
   446 | D:4      | Killed an ogre
   446 | D:4      | Reached skill level 4 in Axes
   446 | D:4      | Reached XP level 4. HP: 24/44 MP: 3/3
   446 | D:4      | Reached XP level 5. HP: 27/50 MP: 4/4
   462 | D:5      | Entered Level 5 of the Dungeon
   464 | D:5      | Found an opulent altar of Gozag.
   481 | D:4      | Found a hide-covered altar of Uskayaw.
   506 | D:4      | Noticed VajrapaniSR's ghost (weakling DDFi)
   506 | D:4      | Reached skill level 5 in Axes
   511 | D:4      | murphy: i really juist heal
   543 | D:3      | murphy: fight
   544 | D:3      | murphy: why did u run away?
   544 | D:3      | VajrapaniSR: i feel like i would waste all the heals
   544 | D:3      | VajrapaniSR: especailly since my ghost is underleveled
   544 | D:3      | murphy: it's ok
   544 | D:3      | VajrapaniSR: and there's a polearm orc behind him
   544 | D:3      | murphy: yes
   545 | D:3      | murphy: u could have moved better
   550 | D:3      | murphy: to hit all of them at once
   550 | D:3      | murphy: but ok
   594 | D:4      | Reached XP level 6. HP: 53/57 MP: 5/5
   611 | D:4      | murphy: i think u are to worried about mp
   624 | D:4      | murphy: u really should watch uv4's video
   624 | D:4      | VajrapaniSR: ok, i'll try to heal in bad siutations
   634 | D:4      | murphy: he gets out with 2 mp at the end
   635 | D:4      | Found a glowing golden altar of the Shining One.
   878 | D:4      | Reached skill level 6 in Axes
   971 | D:5      | Noticed a sky beast
   974 | D:5      | murphy: drop the ring of power
   977 | D:5      | murphy: it will be useless
   980 | D:5      | Killed a sky beast
   984 | D:6      | Found a shimmering altar of Xom.
   987 | D:6      | Noticed an orc warrior
  1014 | D:5      | Killed an orc warrior
  1014 | D:5      | Reached skill level 5 in Fighting
  1014 | D:5      | Reached skill level 7 in Axes
  1014 | D:5      | Reached XP level 7. HP: 24/67 MP: 5/5
  1044 | D:6      | murphy: train armour
  1046 | D:5      | murphy: some
  1046 | D:5      | murphy: y
  1091 | D:7      | Found Vago's Assorted Antiques.
  1091 | D:7      | Noticed a steam dragon
  1102 | D:7      | Killed a steam dragon
  1113 | D:7      | murphy: useless
  1113 | D:7      | Bought a scroll labeled IXZEGE TUQIEGY for 23 gold pieces
  1113 | D:7      | Bought a scroll labeled ESIUSTRYLLO for 23 gold pieces
  1113 | D:7      | Bought a scroll labeled ITIEZI EWEQAT for 23 gold pieces
  1113 | D:7      | Bought a scroll labeled XUMENU WYH ZEU for 23 gold pieces
  1113 | D:7      | murphy: the spirit amulet is useless
  1114 | D:7      | VajrapaniSR: k
  1133 | D:7      | Reached skill level 8 in Axes
  1136 | D:7      | Reached XP level 8. HP: 32/75 MP: 3/5
  1147 | D:7      | murphy: try mutation?
  1149 | D:7      | VajrapaniSR: k
  1152 | D:7      | Gained mutation: Your spells are a little easier to cast, but a little less powerful. [mutagenic meat]
  1153 | D:7      | Gained mutation: You are somewhat resistant to further mutation. [mutagenic meat]
  1155 | D:7      | murphy: ok
  1155 | D:7      | VajrapaniSR: rMut
  1185 | D:7      | VajrapaniSR: ??temple
  1185 | D:7      | beem: ecumenical temple[1/6]: Accessed from the main dungeon somewhere between levels 4 and 7. Is notable mainly for a complete lack of monster spawning as well as potentially containing an altar to almost every deity in the game.
  1425 | D:6      | Reached skill level 9 in Axes
  1455 | D:6      | murphy: darn
  1457 | D:6      | murphy: no temple :(
  1500 | D:7      | murphy: did u find anything good?
  1502 | D:7      | murphy: any good items?
  1502 | D:7      | VajrapaniSR: just a battleaxe from the orc warrior
  1502 | D:7      | murphy: hm..
  1502 | D:7      | murphy: potions?
  1502 | D:7      | VajrapaniSR: un'ided
  1502 | D:7      | murphy: otherwise u could just quit here
  1502 | D:7      | VajrapaniSR: how come
  1502 | D:7      | murphy: no reason to continue this crappy start
  1502 | D:7      | murphy: waste of time
  1502 | D:7      | VajrapaniSR: true
  1502 | D:7      | VajrapaniSR: btw whats the command to quit again
  1502 | D:7      | VajrapaniSR: ctrl+q?
  1502 | D:7      | murphy: y
  1502 | D:7      | murphy: u need to confirm maybe
  1502 | D:7      | murphy: yes after ctrl+q
  1502 | D:7      | murphy: or y
  1502 | D:7      | VajrapaniSR: ctrl+q just closes my browser window
  1502 | D:7      | murphy: dunno
  1502 | D:7      | VajrapaniSR: weird
  1502 | D:7      | murphy: then go kill yourelf somewhere
  1502 | D:7      | VajrapaniSR: k
  1526 | D:8      | Noticed a two-headed ogre
  1537 | D:8      | HP: 2/76 [two-headed ogre/giant spiked club (9)]
  1539 | D:8      | Mangled by a two-headed ogre

Skill      XL: |  1  2  3  4  5  6  7  8 |
---------------+-------------------------+-----
Fighting       | 3 4 5 |  5.9
Axes           | 3 4 5 7 8 9 |  9.0
Armour         | 4 |  4.9
Shields        | |  3.2

Action                   |  1- 3 |  4- 6 |  7- 9 || total
-------------------------+-------+-------+-------++-------
Melee: War axe           |    93 |   132 |   125 ||   350
 Abil: Heal Wounds       |     1 |    10 |     9 ||    20
  Use: Potion            |     1 |       |     1 ||     2
       Scroll            |       |       |     4 ||     4
  Eat: Chunk             |       |     1 |     4 ||     5
Armor: Scale mail        |    62 |    51 |       ||   113
       Plate armour      |       |       |    69 ||    69
Dodge: Dodged            |    42 |    47 |    15 ||   104
Block: Shield            |    63 |    91 |    65 ||   219
